AoeStats
← Spicy

MegaRandom

505936573Analyzed
1v1 RM · 22d ago on Sep 11, 2026· 27m 16s· 2 players
Game mode
Random Map
Map size
Tiny (2 player)
Population
200
Speed
Normal
Resources
Standard
Victory
Conquest
Starting age
Dark Age
Ending age
Imperial Age
RankedLock teamsTeams togetherTeam positionsShared explorationLock speedFull tech treeHidden civsTurbo modeCheats
Victory
Defeat
🇦🇺 Koreans · Australia
1019
+16
🇲🇽 Malay · Mexico
1016
-16
Hal-Ahme Elpenne
7:28 Loom
10:39 Feudal Age
10:40 Double-Bit Axe
11:41 Horse Collar
17:52 Padded Archer Armor
19:36 Fletching
22:07 Wheelbarrow
25:44 Castle Age
24:32 Gold Mining
25:21 Bodkin Arrow
Spicy
7:22 Loom
10:23 Feudal Age
11:12 Double-Bit Axe
11:25 Horse Collar
14:31 Fletching
21:27 Castle Age
22:07 Stone Mining
21:45 Elite Skirmisher
22:41 Bodkin Arrow
23:08 Elite Skirmisher
23:54 Crossbowman
24:53 Pikeman
Connection lost

Rejoining the realm…

Still unreachable

The connection could not be restored.

Session expired

The server has moved on; the page needs a fresh start.